 Dungeon Sprint DCSS version 0.17-a0-1446-gc28613e (webtiles) character file.

19217 hexophile the Fighter (level 12, -14/126 HPs)
             Began as a Naga Fire Elementalist on June 28, 2015.
             Was the Champion of Cheibriados.
             Demolished by an ettin zombie (20 damage)
             ... animated by a vampire mage
             ... in the Dungeon (Sprint IX: "|||||||||||||||||||||||||||||").
             The game lasted 00:35:37 (3212 turns).

hexophile the Fighter (Naga Fire Elementalist)      Turns: 3212, Time: 00:35:38

Health: -14/126    AC: 25    Str: 27    XL:     12   Next: 66%
Magic:  3/38       EV: 11    Int: 38    God:    Cheibriados [******]
Gold:   292        SH:  0    Dex: 26    Spells: 5 memorised, 21 levels left

rFire  + + +     SeeInvis +     x - +0 trident of Gozag {pierce, MR+}
rCold  x . .     Clarity  .     M - +1 fire dragon armour
rNeg   . . .     SustAt   .     (no shield)
rPois  +         Gourm    .     i - +0 helmet
rElec  .         Spirit   .     r - +0 cloak
rCorr  +         Warding  .     H - +1 pair of gloves
rMut   .         NoTele   +     t - +0 naga barding
MR     +++..                    j - amulet of resist corrosion
Stlth  ++........               B - ring of magical power
                                C - ring "Witonkurph" {rF+ MR+ Int+3 Slay+4}

@: very slightly contaminated, very slow, extremely resistant to hostile
enchantments, unstealthy
A: see invisible, deformed body, poison resistance, slowness 2, slow metabolism
1, spit poison 2, AC +4
a: Spit Poison, Bend Time, Temporal Distortion, Slouch, Step From Time, Renounce
Religion


You were in the Dungeon.
You worshipped Cheibriados.
Cheibriados was exalted by your worship.
You were very full.

You visited 1 branch You collected 1918 gold pieces.
You spent 1626 gold pieces at shops.

Inventory:

Hand weapons
 d - a +0 dagger of electrocution
 f - a +2 halberd of venom
 x - the +0 trident of Gozag (weapon) {pierce, MR+}
   (You found it in the Dungeon)

   It inflicts extra damage upon your enemies.
   It affects your resistance to hostile enchantments.
Armour
 i - a +0 helmet (worn)
 r - a +0 cloak (worn)
 t - a +0 naga barding (worn)
 G - a +0 swamp dragon armour
 H - a +1 pair of gloves (worn)
 M - a +1 fire dragon armour (worn)
Magical staves
 m - an uncursed staff of energy
Jewellery
 j - an amulet of resist corrosion (around neck)
 l - a +3 ring of strength
 A - an uncursed ring of protection from fire
 B - a ring of magical power (right hand)
 C - the ring "Witonkurph" (left hand) {rF+ MR+ Int+3 Slay+4}
   (You bought it in a shop in the Dungeon)

   [ring of protection from fire]

   It affects your intelligence (+3).
   It affects your accuracy and damage with ranged weapons and melee attacks
   (+4).
   It protects you from fire.
   It affects your resistance to hostile enchantments.
 D - an uncursed ring of protection from magic
 E - an uncursed ring of protection from cold
 F - an uncursed ring of protection from fire
Magical devices
 e - a wand of draining (0)
 k - a wand of confusion (24)
Scrolls
 n - 5 scrolls of remove curse
 o - 2 scrolls of amnesia
 u - 4 scrolls of enchant weapon
 w - 2 scrolls of identify
 K - 2 scrolls of fear
 L - a scroll of recharging
Potions
 a - a potion of brilliance
 g - 4 potions of magic
 h - a potion of berserk rage
 s - 3 potions of curing
 z - 2 potions of haste
 J - a potion of resistance
Books
 b - a book of Flames

   Spells                             Type                      Level
   a - Flame Tongue                   Conjuration/Fire             1
   b - Throw Flame                    Conjuration/Fire             2
   c - Conjure Flame                  Conjuration/Fire             3
   d - Inner Flame                    Hexes/Fire                   3
   e - Sticky Flame                   Conjuration/Fire             4
   f - Fireball                       Conjuration/Fire             5
Comestibles
 c - 13 bread rations
 p - 40 fruits
 q - 10 meat rations


   Skills:
 * Level 13.6 Fighting
 - Level 10.5(11.0) Polearms
 + Level 5.3(8.6) Staves
 - Level 12.2 Armour
 + Level 5.2 Dodging
 - Level 3.0 Stealth
 + Level 13.1 Spellcasting
 - Level 10.7 Conjurations
 - Level 11.0 Fire Magic
 * Level 8.8 Invocations


You had 21 spell levels left.
You knew the following spells:

 Your Spells              Type           Power        Failure   Level  Hunger
a - Flame Tongue          Conj/Fire      #####        1%          1    None
b - Conjure Flame         Conj/Fire      #######.     1%          3    None
c - Sticky Flame          Conj/Fire      #######.     1%          4    None
d - Fireball              Conj/Fire      #######...   1%          5    None
e - Inner Flame           Hex/Fire       ######..     1%          3    None


Dungeon Overview and Level Annotations

Branches:
Dungeon (1/1)

Altars:
Cheibriados
Dithmenos
Elyvilon
Fedhas
Gozag
Kikubaaqudgha
Makhleb
Nemelex Xobeh
Okawaru
Qazlal
Ru
Sif Muna
Trog
Vehumet
Xom
Yredelemnul
Zin
The Shining One
Beogh
Jiyva
Lugonu

Shops:
D ?==}


Innate Abilities, Weirdness & Mutations

You cannot wear boots.
Your serpentine skin is tough (AC +4).
You have supernaturally acute eyesight.
Armour fits poorly on your strangely shaped body.
Your system is resistant to poisons.
You cover ground very slowly.
You have a slow metabolism.
You can spit poison.


Message History

Press: ? - help, Dir - move target cursor, f/p - ettin zombie
Aim: an ettin zombie You hit the ettin zombie but do no damage.
Attack whom?
Press: ? - help, Dir - move target cursor, f/p - ettin zombie
Aim: an ettin zombie You hit the ettin zombie but do no damage.
The ettin zombie hits you!!
* * * LOW HITPOINT WARNING * * *
The ettin zombie hits you!!
* * * LOW HITPOINT WARNING * * *
Attack whom?
Press: ? - help, Dir - move target cursor, f - slime creature, p - ettin zombie
Aim: a slime creature (almost dead)
You reach to attack!
You hit the slime creature.
The slime creature is almost dead.
The vampire mage is engulfed in roaring flames.
The ettin zombie hits you but does no damage.
The ettin zombie hits you!!
You die...

†÷..÷.........÷÷÷.....÷.'........
▓▓▓▓▓▓▓▓▓▓▓▓▓▓▓▓▓▓▓▓▓▓▓▓▓▓▓▓▓▓▓▓▓
.................................
▓▓▓▓▓▓▓▓▓▓▓▓▓▓▓▓▓▓▓▓▓▓▓▓▓▓▓▓▓▓▓▓▓
).......))).).)...)....))).))∩.∩.
▓▓▓▓▓▓▓▓▓▓▓▓▓▓▓▓▓▓▓▓▓▓▓▓▓▓▓▓▓▓▓▓▓
.................................
▓▓▓▓▓▓▓▓▓▓▓▓▓▓▓▓▓▓▓▓▓▓▓▓▓▓▓▓▓▓▓▓▓
))))))..[.[[[[..@ZJ.V§Z.(()ZZV...
▓▓▓▓▓▓▓▓▓▓▓▓▓▓▓▓▓▓▓▓▓▓▓▓▓▓▓▓▓▓▓▓▓
,,,,,,,,,,,,,,,,,,,,,,,,,,,,,,,,,
*********************************
,,,,,,,,+,≈≈≈,,,,,+,,,,,,,,,+,,,,
*********************************
,,,,,,,,,,,,,,,,,,,,,,,,,,,,,,,,,
*********************************
+,,,,,,,,,,,,,,,,,,+,,,,,,,,,,,,,


You could see a slime creature, a vampire mage (invisible), a giant frog zombie
and an ettin zombie.

Vanquished Creatures
  An ettin (D)
  Harold (D)
  2 catoblepae (D)
  A centaur warrior (D)
  A tengu warrior (D)
  4 death yaks (D)
  An orc high priest (D)
  A skeletal warrior (D)
  3 hill giants (D)
  3 orc knights (D)
  A hornet (shapeshifter) (D)
  6 orc sorcerers (D)
  A black mamba (D)
  A torpor snail (D)
  An elephant (D)
  3 komodo dragons (D)
  A yaktaur (D)
  A kobold demonologist (D)
  2 spiny frogs (D)
  A fire drake (D)
  A troll (D)
  A shadow (D)
  4 yaks (D)
  3 water moccasins (D)
  A porcupine (D)
  A phantom (D)
  8 orc warriors (D)
  2 ogres (D)
  A centaur (D)
  A crocodile (D)
  3 giant frogs (D)
  A killer bee (D)
  A crimson imp (D)
  10 orc wizards (D)
  2 orc priests (D)
  An iguana (D)
  A worker ant (D)
  A sheep (D)
  2 gnolls (D)
  A river rat (D)
  A shadow imp (D)
  2 giant geckos (D)
  7 orcs (D)
  A hobgoblin (D)
  2 kobolds (D)
  A giant cockroach (D)
  A rat (D)
97 creatures vanquished.

Vanquished Creatures (others)
  2 spatial maelstroms (D)
  An orc wizard (D)
3 creatures vanquished.

Grand Total: 100 creatures vanquished

Notes
Turn   | Place    | Note
--------------------------------------------------------------
     0 | D        | hexophile the Naga Fire Elementalist began the quest for the Orb.
     0 | D        | Reached XP level 1. HP: 15/15 MP: 3/3
     2 | D        | Banished a spatial maelstrom
     8 | D        | Reached skill level 1 in Armour
     9 | D        | Banished a spatial maelstrom
   210 | D        | Noticed an ogre
   210 | D        | Noticed an ogre
   217 | D        | Found a glowing silver altar of Zin.
   217 | D        | Found a glowing golden altar of the Shining One.
   217 | D        | Found an ancient bone altar of Kikubaaqudgha.
   217 | D        | Found a basalt altar of Yredelemnul.
   217 | D        | Found a shimmering altar of Xom.
   217 | D        | Found a radiant altar of Vehumet.
   218 | D        | Found an iron altar of Okawaru.
   219 | D        | Found a burning altar of Makhleb.
   220 | D        | Found a deep blue altar of Sif Muna.
   221 | D        | Found a bloodstained altar of Trog.
   222 | D        | Found a sparkling altar of Nemelex Xobeh.
   223 | D        | Found a white marble altar of Elyvilon.
   224 | D        | Found a roughly hewn altar of Beogh.
   225 | D        | Found a viscous altar of Jiyva.
   226 | D        | Found a corrupted altar of Lugonu.
   227 | D        | Found a blossoming altar of Fedhas.
   228 | D        | Found a snail-covered altar of Cheibriados.
   229 | D        | Found a shadowy altar of Dithmenos.
   230 | D        | Found a stormy altar of Qazlal.
   231 | D        | Found an opulent altar of Gozag.
   232 | D        | Found a sacrificial altar of Ru.
   246 | D        | Reached XP level 2. HP: 11/22 MP: 3/5
   247 | D        | Killed an ogre
   247 | D        | Reached skill level 4 in Spellcasting
   247 | D        | Reached skill level 5 in Fire Magic
   247 | D        | Reached XP level 3. HP: 14/28 MP: 3/8
   247 | D        | Reached XP level 4. HP: 18/36 MP: 3/10
   247 | D        | Killed an ogre
   247 | D        | Reached skill level 5 in Spellcasting
   247 | D        | Reached skill level 5 in Conjurations
   247 | D        | Reached skill level 6 in Fire Magic
   247 | D        | Reached XP level 5. HP: 21/42 MP: 3/12
   345 | D        | Became a worshipper of Cheibriados the Contemplative
   449 | D        | Learned a level 3 spell: Conjure Flame
   451 | D        | Noticed a hill giant
   451 | D        | Noticed a hill giant
   451 | D        | Noticed a killer bee
   451 | D        | Noticed a worker ant
   451 | D        | Noticed a phantom
   458 | D        | Killed a hill giant
   458 | D        | Reached skill level 7 in Spellcasting
   458 | D        | Reached skill level 8 in Conjurations
   458 | D        | Reached XP level 6. HP: 23/49 MP: 10/16
   458 | D        | Reached XP level 7. HP: 25/55 MP: 11/18
   459 | D        | Acquired Cheibriados's first power
   460 | D        | Killed a killer bee
   462 | D        | Killed a hill giant
   462 | D        | Reached skill level 9 in Conjurations
   462 | D        | Reached XP level 8. HP: 56/62 MP: 12/20
   463 | D        | Killed a worker ant
   475 | D        | Killed a phantom
   549 | D        | Learned a level 4 spell: Sticky Flame
   565 | D        | Learned a level 5 spell: Fireball
   569 | D        | Learned a level 3 spell: Inner Flame
   605 | D        | Noticed an iguana
   605 | D        | Noticed a crimson imp
   605 | D        | Noticed a shadow
   605 | D        | Noticed a hill giant
   605 | D        | Noticed a skeletal warrior
   605 | D        | Noticed a komodo dragon
   608 | D        | Killed an iguana
   608 | D        | Acquired Cheibriados's second power
   619 | D        | Killed a crimson imp
   619 | D        | Reached skill level 1 in Fighting
   633 | D        | Killed a shadow
   633 | D        | Acquired Cheibriados's third power
   636 | D        | Killed a hill giant
   636 | D        | Reached skill level 10 in Fire Magic
   636 | D        | Reached XP level 9. HP: 70/78 MP: 14/22
   643 | D        | Killed a skeletal warrior
   643 | D        | Reached skill level 5 in Fighting
   643 | D        | Reached skill level 10 in Spellcasting
   643 | D        | Reached skill level 10 in Conjurations
   647 | D        | Killed a komodo dragon
   647 | D        | Acquired Cheibriados's fourth power
   937 | D        | Got the cursed +0 trident of Gozag {pierce, MR+}
   959 | D        | Noticed a komodo dragon
   959 | D        | Noticed a yak
   959 | D        | Noticed a water moccasin
   959 | D        | Noticed a komodo dragon
   959 | D        | Noticed a water moccasin
   963 | D        | Noticed a torpor snail
   964 | D        | Killed a komodo dragon
   972 | D        | Killed a yak
   975 | D        | Noticed a spiny frog
   981 | D        | Killed a water moccasin
   981 | D        | Reached XP level 10. HP: 75/92 MP: 19/24
   983 | D        | Killed a komodo dragon
   985 | D        | Killed a water moccasin
   987 | D        | Killed a torpor snail
   987 | D        | Reached skill level 10 in Armour
   987 | D        | Reached skill level 11 in Spellcasting
   990 | D        | Killed a spiny frog
  1090 | D        | Noticed a spiny frog
  1098 | D        | Killed a spiny frog
  1113 | D        | Noticed a fire drake
  1113 | D        | Noticed an elephant
  1113 | D        | Noticed a porcupine
  1113 | D        | Noticed a yak
  1113 | D        | Noticed a water moccasin
  1113 | D        | Noticed a giant frog
  1116 | D        | Noticed a crocodile
  1117 | D        | Killed a porcupine
  1117 | D        | Killed an elephant
  1121 | D        | Noticed a black mamba
  1126 | D        | Killed a fire drake
  1134 | D        | Killed a yak
  1144 | D        | Killed a water moccasin
  1149 | D        | Killed a giant frog
  1162 | D        | Killed a crocodile
  1165 | D        | Killed a black mamba
  1234 | D        | Noticed a yak
  1234 | D        | Noticed a catoblepas
  1234 | D        | Noticed a death yak
  1234 | D        | Noticed a death yak
  1234 | D        | Noticed a death yak
  1234 | D        | Noticed a catoblepas
  1249 | D        | Noticed a death yak
  1258 | D        | Killed a death yak
  1258 | D        | Reached skill level 5 in Polearms
  1258 | D        | Reached XP level 11. HP: 33/106 MP: 16/26
  1261 | D        | Killed a catoblepas
  1261 | D        | Reached skill level 10 in Fighting
  1262 | D        | Noticed a yak
  1264 | D        | Killed a yak
  1275 | D        | Killed a death yak
  1279 | D        | Killed a death yak
  1279 | D        | Reached skill level 12 in Spellcasting
  1283 | D        | Killed a yak
  1285 | D        | Killed a death yak
  1295 | D        | Killed a catoblepas
  1669 | D        | Noticed Harold
  1694 | D        | Killed Harold
  1893 | D        | Noticed an orc wizard
  1893 | D        | Noticed an orc priest
  1893 | D        | Noticed an orc warrior
  1893 | D        | Noticed an orc priest
  1896 | D        | Noticed an orc warrior
  1898 | D        | Killed an orc warrior
  1900 | D        | Killed an orc wizard
  1903 | D        | Noticed an orc warrior
  1903 | D        | Killed an orc warrior
  1903 | D        | Killed an orc priest
  1903 | D        | Reached skill level 1 in Invocations
  1920 | D        | Noticed an orc wizard
  1924 | D        | Killed an orc warrior
  1927 | D        | Killed an orc priest
  1927 | D        | Reached skill level 1 in Staves
  1931 | D        | Killed an orc wizard
  2000 | D        | Noticed an orc warrior
  2000 | D        | Noticed an orc warrior
  2000 | D        | Noticed an orc high priest
  2000 | D        | Noticed an orc knight
  2000 | D        | Noticed an orc knight
  2004 | D        | Noticed an orc knight
  2008 | D        | Killed an orc high priest
  2011 | D        | Noticed an orc warrior
  2012 | D        | Killed an orc warrior
  2020 | D        | Killed an orc knight
  2024 | D        | Killed an orc knight
  2031 | D        | Noticed an orc warrior
  2032 | D        | Killed an orc knight
  2032 | D        | Reached XP level 12. HP: 35/122 MP: 6/28
  2042 | D        | Noticed an orc wizard
  2046 | D        | Killed an orc warrior
  2049 | D        | Noticed an orc warrior
  2057 | D        | Killed an orc warrior
  2062 | D        | Killed an orc warrior
  2069 | D        | Killed an orc warrior
  2073 | D        | Killed an orc wizard
  2336 | D        | Noticed an orc sorcerer
  2344 | D        | Killed an orc sorcerer
  2344 | D        | Reached skill level 5 in Invocations
  2438 | D        | Found Ingel's Magic Scroll Emporium.
  2438 | D        | Noticed an orc wizard
  2438 | D        | Noticed an orc sorcerer
  2438 | D        | Noticed an orc wizard
  2438 | D        | Noticed an orc wizard
  2438 | D        | Noticed an orc wizard
  2439 | D        | Noticed an orc wizard
  2440 | D        | Killed an orc wizard
  2441 | D        | Noticed an orc sorcerer
  2442 | D        | Killed an orc sorcerer
  2442 | D        | Reached skill level 10 in Polearms
  2448 | D        | Killed an orc wizard
  2449 | D        | Found Beubi's Jewellery Shoppe.
  2452 | D        | Paralysed by an orc sorcerer for 3 turns
  2463 | D        | Paralysed by an orc sorcerer for 6 turns
  2469 | D        | Noticed an orc sorcerer
  2471 | D        | Noticed an orc wizard
  2486 | D        | Killed an orc sorcerer
  2488 | D        | Killed an orc wizard
  2488 | D        | Killed an orc sorcerer
  2488 | D        | Killed an orc wizard
  2488 | D        | Killed an orc wizard
  2495 | D        | Found Kema Bil's Jewellery Emporium.
  2498 | D        | Killed an orc wizard
  2502 | D        | Noticed an orc sorcerer
  2506 | D        | Killed an orc sorcerer
  2536 | D        | Noticed an orc sorcerer
  2540 | D        | Noticed an orc wizard
  2673 | D        | Killed an orc wizard
  2820 | D        | Noticed an orc wizard
  2822 | D        | Killed an orc wizard
  2839 | D        | Killed an orc sorcerer
  2858 | D        | Found Malin's Gadget Shoppe.
  2861 | D        | Bought a scroll of enchant weapon for 97 gold pieces
  2861 | D        | Bought a scroll of blinking for 97 gold pieces
  2861 | D        | Bought a scroll of magic mapping for 45 gold pieces
  2864 | D        | Bought an uncursed ring of protection from fire for 325 gold pieces
  2864 | D        | Bought an uncursed ring of magical power for 260 gold pieces
  2870 | D        | Bought the ring "Witonkurph" {rF+ MR+ Int+3 Slay+4} for 607 gold pieces
  2900 | D        | Bought a wand of confusion (24) for 195 gold pieces
  3155 | D        | Noticed a troll
  3155 | D        | Noticed a kobold demonologist
  3155 | D        | Noticed a giant frog
  3155 | D        | Noticed a centaur
  3155 | D        | Noticed a centaur warrior
  3160 | D        | Killed a troll
  3164 | D        | Noticed a hornet
  3164 | D        | Killed a kobold demonologist
  3166 | D        | Noticed a giant frog
  3167 | D        | Noticed a tengu warrior
  3169 | D        | Killed a centaur warrior
  3169 | D        | Reached skill level 13 in Fighting
  3170 | D        | Killed a giant frog
  3172 | D        | Killed a centaur
  3173 | D        | Noticed a yaktaur
  3175 | D        | Killed a hornet
  3176 | D        | Noticed an ettin
  3179 | D        | Killed a tengu warrior
  3181 | D        | Killed a giant frog
  3182 | D        | Killed a yaktaur
  3182 | D        | Reached skill level 5 in Staves
  3182 | D        | Reached skill level 5 in Dodging
  3189 | D        | Noticed a slime creature
  3189 | D        | Killed an ettin
  3192 | D        | Noticed a vampire mage
  3211 | D        | HP: 5/126 [ettin zombie[a vampire mage] (18)]
  3212 | D        | Demolished by an ettin zombie

Vault maps used:
D:        linesprint

Action                   |  1- 3 |  4- 6 |  7- 9 | 10-12 || total
-------------------------+-------+-------+-------+-------++-------
Melee: Dagger            |     8 |       |       |       ||     8
       Halberd           |       |     8 |    35 |       ||    43
       Trident           |       |       |    18 |   207 ||   225
 Cast: Flame Tongue      |     3 |       |     6 |    26 ||    35
       Conjure Flame     |       |     1 |     5 |    31 ||    37
       Sticky Flame      |       |       |     5 |    18 ||    23
       Fireball          |       |       |       |    10 ||    10
       Inner Flame       |       |       |       |     4 ||     4
Invok: Slouch            |       |       |       |     2 ||     2
 Abil: Spit Poison       |     4 |     1 |     3 |    12 ||    20
Evoke: Wand              |     1 |     1 |     2 |     3 ||     7
  Use: Potion            |     3 |       |     1 |    12 ||    16
       Scroll            |     1 |       |     2 |     4 ||     7
  Eat: Chunk             |       |       |       |     1 ||     1
       Meat ration       |       |       |       |     2 ||     2
